 Dungeon Crawl Stone Soup version 0.29.1-2-gbd0b4ee654 (webtiles) character file.

Game seed: 462982138808017326

157 zeram the Covered (level 5, -3/46 HPs)
             Began as a Minotaur Fighter on Nov 21, 2022.
             Was an Initiate of Gozag.
             Slain by an orc
             ... wielding a +0 flail
              (8 damage)
             ... on level 4 of the Dungeon.
             The game lasted 00:03:36 (2714 turns).

zeram the Covered (Minotaur Fighter)                Turns: 2714, Time: 00:03:37

Health: -3/46      AC: -3    Str: 23    XL:     5   Next: 15%
Magic:  4/4        EV:  9    Int:  5    God:    Gozag
Gold:   91         SH:  4    Dex:  9    Spells: 4/4 levels left

rFire   . . .      SeeInvis +   a - +0 war axe
rCold   . . .      Faith    .   c - +0 buckler
rNeg    . . .      Spirit   .   b - +0 scale mail
rPois   +          Reflect  .   (helmet restricted)
rElec   .          Harm     .   n - +0 cloak
rCorr   .          Rampage  .   (no gloves)
Will    .....                   (no boots)
Stlth   ..........              (no amulet)
HPRegen 0.15/turn               p - ring of see invisible
MPRegen 0.09/turn               e - ring of poison resistance

@: corroded, gold aura
A: horns 2, retaliatory headbutt
a: Renounce Religion, Potion Petition, Call Merchant, Bribe Branch


You were on level 4 of the Dungeon.
You worshipped Gozag.
Gozag was noncommittal.
You visited 2 branches of the dungeon, and saw 5 of its levels.

You collected 178 gold pieces.
You spent 39 gold pieces at shops.
You paid 48 gold pieces to Gozag.

Inventory:

Hand Weapons
 a - a +0 war axe (weapon)
Armour
 b - a +0 scale mail (worn)
 c - a +0 buckler (worn)
 n - a +0 cloak (worn)
Jewellery
 e - a ring of poison resistance (right hand)
 f - an amulet of faith
 m - a ring of resist corrosion
 p - a ring of see invisible (left hand)
Scrolls
 g - 2 scrolls of fear {unknown}
 h - a scroll of immolation
 j - a scroll of enchant weapon {unknown}
 k - a scroll of blinking {unknown}
 o - a scroll of fog
 v - a scroll of vulnerability {unknown}
Potions
 d - a potion of might
 i - a potion of heal wounds {unknown}
 l - a potion of haste {unknown}
 q - 2 potions of curing
 s - 2 potions of ambrosia {unknown}
 t - a potion of invisibility {unknown}
 u - a potion of brilliance {unknown}
 w - a potion of degeneration {unknown}


   Skills:
 + Level 4.2 Fighting
 + Level 4.3 Axes
 + Level 4.7 Armour
 + Level 0.2 Dodging
 + Level 0.3 Stealth
 + Level 4.6 Shields


You had 4 spell levels left.
You didn't know any spells.
Your spell library was empty.

Dungeon Overview and Level Annotations

Branches:
Dungeon (4/15)             Temple (1/1) D:4

Altars:
Cheibriados
Elyvilon
Fedhas
Gozag
Hepliaklqana
Kikubaaqudgha
Makhleb
Nemelex Xobeh
Okawaru
Qazlal
Ru
Sif Muna
Trog
Uskayaw
Vehumet
Wu Jian
Xom
Yredelemnul
Zin
The Shining One

Shops:
D:3 =!*


Innate Abilities, Weirdness & Mutations

You have a pair of horns on your head.
You reflexively headbutt those who attack you in melee.


Message History

There are monsters nearby!
There are monsters nearby!
The endoplasm freezes you.
You are frozen.
The jelly hits you but does no damage.
You see here a goblin skeleton.
You hit the jelly but do no damage. The acid corrodes you!
Your hands burn!
You slash the endoplasm!
You kill the endoplasm!
You hit the endoplasm. You hit the fungus but do no damage.
The endoplasm hits the fungus.
The fungus begins to die.
You block the jelly's attack. The endoplasm hits you.
You barely miss the endoplasm.
The endoplasm is severely wounded.
You slash the fungus! You hit the jelly. The acid corrodes you!
Your hands burn!
You hit the endoplasm. You block the endoplasm's attack.
The endoplasm hits the fungus.
The jelly hits you. The acid corrodes you!
You are splashed with acid!
The endoplasm hits the fungus.
The endoplasm freezes you.
You are frozen.
As you read the scroll of teleportation, it crumbles to dust.
You feel strangely unstable. The endoplasm hits you.
The endoplasm hits the fungus.
The jelly hits you.
You are splashed with acid!
* * * LOW HITPOINT WARNING * * *
The jelly hits the fungus.
The fungus begins to die.
The fungus is splashed with acid.
The endoplasm hits the fungus.
The endoplasm hits you.
* * * LOW HITPOINT WARNING * * *
The endoplasm attacks as you move away! The endoplasm barely misses you.
The endoplasm jiggles.
The endoplasm hits the fungus. x2
A nearby fungus withers and dies.
Your surroundings suddenly seem different.
An orc comes into view. It is wielding a +0 flail.
Found a spear and a scroll of noise.
Found a stone staircase leading down.
The orc shouts!
You barely miss the orc. You headbutt the orc.
The orc is heavily wounded.
The orc hits you with a +0 flail!
You die...
Your body crumbles into a pile of gold.

#.# .♣
#..###.
#......
#....
#.....#
#....
#.....#
#....
+.....+ $
#....
#.....#
#....
#...o.#
#....
#...@.#
#....
#>......##
######....
#........
..........
.)....#.##
#+#######.##
..#?###.#
......†...##
# #. #.#
.......÷....
# #.#
.........##.
..#
.........+..
.........##.


You could see an orc.

Vanquished Creatures
  2 iguanas
  2 adders
  2 worms
  5 dart slugs
  An orc (D:3)
  4 ball pythons
  7 bats
  8 endoplasms
  2 giant cockroaches
  4 goblins
  7 hobgoblins
  2 jackals (D:4)
  9 kobolds
  2 quokkas
  3 frilled lizards
  9 rats
69 creatures vanquished.

Vanquished Creatures (others)
  3 fungi (D:4)
  10 toadstools (D:4)
13 creatures vanquished.

Grand Total: 82 creatures vanquished

Notes
Turn   | Place    | Note
-------+----------+-------------------------------------------
     0 | D:1      | zeram the Minotaur Fighter began the quest for the Orb.
     0 | D:1      | Reached XP level 1. HP: 19/19 MP: 0/0
    65 | D:1      | Reached XP level 2. HP: 16/27 MP: 1/1
   228 | D:1      | Found a faded altar of an unknown god.
   441 | D:1      | Reached XP level 3. HP: 33/33 MP: 2/2
   871 | D:2      | Found a sacrificial altar of Ru.
  1514 | D:3      | Found Ytufiown's General Store.
  1615 | D:3      | Reached XP level 4. HP: 40/40 MP: 3/3
  1684 | D:3      | Found Momaroam's Distillery.
  1689 | D:3      | Bought a potion of curing for 39 gold pieces
  1840 | D:3      | Found Baetuq's Jewellery Shoppe.
  2267 | D:4      | Found a staircase to the Ecumenical Temple.
  2276 | D:4      | Reached XP level 5. HP: 40/46 MP: 4/4
  2292 | Temple   | Entered the Ecumenical Temple
  2514 | Temple   | Became a worshipper of Gozag Ym Sagoz the Greedy
  2714 | D:4      | Slain by an orc

Illustrated notes

Levels and vault maps discovered:
D:1:      giann_forest_graveyard, layout_basic,
          ebering_ecumenical_altar_sacrificial, grunt_decor_one_mirror
D:2:      layout_basic, basic_altar, kennysheep_cluttered_room
D:3:      layout_loops_ring, serial_shops, nicolae_shop_stone, shop,
          nicolae_shop_advertising_works [nicolae_subvault_shop_adworks]
D:4:      cheibrodos_fertilizer, layout_basic, minmay_temple_entry_large_hall,
          gammafunk_ghost_smash, minmay_tree_intersection
Temple:   nicolae_temple_slightly_damp_pantheon

Skill      XL: |  1  2  3  4 |
---------------+-------------+-----
Armour         | 4 |  4.7
Fighting       | 4 |  4.2
Shields        | 4 |  4.6
Axes           | 3 4 |  4.3
Dodging        | |  0.2
Stealth        | |  0.3

Action                   |  1- 3 |  4- 6 || total
-------------------------+-------+-------++-------
Melee: War axe           |    89 |    46 ||   135
       Headbutt          |    11 |     5 ||    16
  Use: Scroll            |     5 |     2 ||     7
Armor: Scale mail        |    47 |    22 ||    69
Dodge: Dodged            |    45 |    25 ||    70
Block: Buckler           |    24 |    10 ||    34
